[ AOE2 MATCH · #508388100 ]
UnrankedBohemians vs Koreans
Player's team · WIN
Rival team · LOSS
[ REPLAY ANALYSIS · EXTRACTED FROM THE RECORDED GAME ]
Feudal
11:10
Castle
15:09
Imperial
30:42
| APM avg | 28.9 |
| APM peak | 102 |
| eAPM avg | 17.4 |
| Villagers / military | 49 / 15 |
Focus
⚔️ 23.1% · 🌾 76.9%
Hussite Wagon ×8 · Monk ×4 · Trebuchet (Packed) ×2 · Petard ×1
Feudal
9:36
Castle
24:18
Imperial
—
| APM avg | 19.2 |
| APM peak | 33 |
| eAPM avg | 13.1 |
| Villagers / military | 47 / 11 |
Focus
⚔️ 25.3% · 🌾 74.7%
Archer ×7 · Iron Pagoda ×3 · Spearman ×1
Match map
Initial resources + every placement click. Lines = walls · curves = elevation contours. ◆ gold · ⬟ stone · ● berries · ✦ relic · ◌ wall gap
Your base· ✓ Closed at 15:09 · 17t walls · 3 gate(s)
Arthuche's base· ✓ Closed at 24:18 · 36t walls · 2 gate(s)
Smoothed initial terrain · ◌ = detected wall gap · hover for details
Inputs per minute
— BigLez99 - - Arthuche
Build order — BigLez99
116 actions detected in the replay
| 0:00 | Queue | Villager (Male) |
| 0:00 | Queue | Villager (Male) |
| 0:02 | Build | House |
| 0:03 | Build | House |
| 0:26 | Queue | Villager (Male) ×2 |
| 0:29 | Build | House |
| 1:30 | Queue | Villager (Male) |
| 1:56 | Queue | Villager (Male) |
| 1:56 | Queue | Villager (Male) |
| 2:25 | Queue | Villager (Male) |
| 2:25 | Queue | Villager (Male) |
| 2:49 | Build | Lumber Camp |
| 3:18 | Queue | Villager (Male) ×2 |
| 3:38 | Queue | Villager (Male) |
| 3:58 | Queue | Villager (Male) |
| 4:26 | Queue | Villager (Male) ×2 |
| 4:44 | Build | Mill |
| 5:22 | Build | House |
| 5:34 | Queue | Villager (Male) |
| 5:34 | Queue | Villager (Male) |
| 5:59 | Queue | Villager (Male) |
| 6:45 | Queue | Villager (Male) |
| 7:09 | Build | Mining Camp |
| 7:34 | Queue | Villager (Male) |
| 7:51 | Queue | Villager (Male) |
| 8:16 | Queue | Villager (Male) |
| 8:40 | Build | Mining Camp |
| 9:00 | Research | Feudal Age |
| 9:24 | Build | House |
| 9:57 | Research | Loom |
| 9:58 | Queue | Villager (Male) |
| 11:10 | Age | Feudal Age |
| 11:13 | Build | Stone Wall |
| 11:15 | Build | Stone Wall |
| 11:22 | Build | Market |
| 11:27 | Build | Blacksmith |
| 11:48 | Build | Stone Wall |
| 11:49 | Build | Stone Wall |
| 11:50 | Build | Stone Wall |
| 11:50 | Build | Stone Wall |
| 11:59 | Build | Stone Wall |
| 12:29 | Research | Castle Age |
| 12:55 | Build | House |
| 12:55 | Build | House |
| 13:18 | Research | Horse Collar |
| 13:23 | Build | House |
| 13:31 | Research | Double-Bit Axe |
| 13:59 | Build | Stone Wall |
| 14:46 | Queue | Villager (Male) |
| 14:54 | Build | Farm |
| 14:57 | Build | Farm |
| 14:58 | Build | Farm |
| 15:01 | Build | Farm |
| 15:09 | Age | Castle Age |
| 15:19 | Build | Castle |
| 15:32 | Build | Farm |
| 15:54 | Build | Farm |
| 16:16 | Queue | Villager (Male) |
| 16:30 | Build | Farm |
| 16:44 | Build | Farm |
| 16:47 | Queue | Villager (Male) |
| 17:16 | Queue | Villager (Male) |
| 17:36 | Queue | Villager (Male) |
| 17:59 | Queue | Villager (Male) |
| 18:17 | Build | Monastery |
| 18:22 | Queue | Villager (Male) |
| 18:37 | Queue | Monk |
| 18:42 | Research | Fervor |
| 18:43 | Research | Sanctity |
| 18:45 | Queue | Hussite Wagon |
| 19:01 | Queue | Villager (Male) |
| 19:05 | Build | Farm |
| 19:29 | Queue | Villager (Male) ×2 |
| 19:51 | Queue | Villager (Male) |
| 20:11 | Queue | Monk |
| 20:54 | Queue | Hussite Wagon |
| 20:54 | Queue | Hussite Wagon |
| 20:55 | Queue | Villager (Male) |
| 20:55 | Queue | Villager (Male) |
| 21:14 | Build | Farm |
| 21:15 | Build | Farm |
| 21:17 | Build | Farm |
| 21:17 | Build | Farm |
| 21:26 | Build | Farm |
| 21:38 | Build | Castle |
| 22:02 | Queue | Hussite Wagon |
| 22:04 | Queue | Villager (Male) |
| 22:04 | Queue | Villager (Male) |
| 22:16 | Queue | Monk |
| 22:29 | Queue | Villager (Male) |
| 22:30 | Queue | Villager (Male) |
| 22:45 | Queue | Petard |
| 23:03 | Research | Redemption |
| 23:08 | Queue | Hussite Wagon |
| 23:46 | Queue | Villager (Male) |
| 23:47 | Queue | Villager (Male) |
| 24:11 | Queue | Hussite Wagon |
| 25:11 | Build | Mill |
| 25:24 | Queue | Villager (Male) |
| 25:45 | Queue | Hussite Wagon |
| 25:53 | Queue | Villager (Male) |
| 26:30 | Queue | Villager (Male) |
| 26:42 | Queue | Monk |
| 27:32 | Research | Imperial Age |
| 28:10 | Queue | Hussite Wagon |
| 28:15 | Queue | Villager (Male) |
| 28:16 | Queue | Villager (Male) |
| 28:21 | Build | Farm |
| 29:58 | Build | Market |
| 30:24 | Build | Mining Camp |
| 30:41 | Build | Castle |
| 30:42 | Age | Imperial Age |
| 30:46 | Queue | Trebuchet (Packed) |
| 30:57 | Queue | Trebuchet (Packed) |
| 31:03 | Queue | Villager (Male) |
| 31:03 | Queue | Villager (Male) |
Build order — Arthuche
135 actions detected in the replay
| 0:01 | Queue | Villager (Male) |
| 0:01 | Queue | Villager (Male) |
| 0:02 | Queue | Villager (Male) |
| 0:02 | Queue | Villager (Male) |
| 0:05 | Build | House |
| 0:07 | Build | House |
| 1:27 | Queue | Villager (Male) |
| 1:45 | Build | Lumber Camp |
| 2:03 | Queue | Villager (Male) |
| 2:29 | Queue | Villager (Male) |
| 2:49 | Queue | Villager (Male) |
| 3:05 | Queue | Villager (Male) |
| 3:40 | Queue | Villager (Male) |
| 4:00 | Queue | Villager (Male) |
| 4:23 | Build | House |
| 4:24 | Build | House |
| 4:33 | Queue | Villager (Male) |
| 4:55 | Queue | Villager (Male) |
| 5:29 | Queue | Villager (Male) |
| 5:37 | Build | Mining Camp |
| 5:50 | Queue | Villager (Male) |
| 5:52 | Research | Loom |
| 6:59 | Queue | Villager (Male) |
| 7:26 | Research | Feudal Age |
| 8:06 | Build | House |
| 8:14 | Queue | Villager (Male) |
| 8:48 | Build | Barracks |
| 9:06 | Queue | Villager (Male) |
| 9:36 | Age | Feudal Age |
| 9:41 | Build | Watch Tower |
| 9:45 | Build | Archery Range |
| 9:48 | Queue | Villager (Male) |
| 9:55 | Queue | Villager (Male) |
| 10:12 | Build | Mining Camp |
| 10:20 | Research | Double-Bit Axe |
| 10:44 | Queue | Archer |
| 11:00 | Queue | Villager (Male) |
| 11:04 | Queue | Villager (Male) |
| 11:27 | Queue | Archer |
| 12:14 | Build | Watch Tower |
| 12:28 | Queue | Villager (Male) |
| 12:34 | Build | Mill |
| 12:37 | Build | House |
| 13:04 | Queue | Archer |
| 13:15 | Queue | Villager (Male) |
| 13:19 | Queue | Villager (Male) |
| 13:52 | Queue | Archer |
| 14:01 | Build | Blacksmith |
| 14:02 | Build | House |
| 14:14 | Queue | Villager (Male) |
| 14:50 | Queue | Villager (Male) |
| 15:07 | Build | Watch Tower |
| 15:19 | Queue | Archer |
| 15:20 | Queue | Archer |
| 15:20 | Queue | Archer |
| 15:21 | Queue | Villager (Male) |
| 15:21 | Queue | Villager (Male) |
| 15:21 | Queue | Villager (Male) |
| 15:32 | Build | Farm |
| 15:34 | Build | Farm |
| 15:37 | Build | Farm |
| 15:44 | Build | Farm |
| 16:41 | Queue | Villager (Male) |
| 16:42 | Queue | Villager (Male) |
| 16:42 | Queue | Villager (Male) |
| 16:43 | Build | Farm |
| 16:46 | Build | Farm |
| 16:49 | Build | Farm |
| 16:51 | Build | Farm |
| 17:01 | Build | House |
| 17:02 | Build | House |
| 17:29 | Build | Palisade Wall |
| 17:30 | Build | Palisade Wall |
| 17:30 | Build | Palisade Wall |
| 17:31 | Build | Palisade Wall |
| 17:32 | Build | Palisade Wall |
| 17:32 | Build | Palisade Wall |
| 17:51 | Research | Horse Collar |
| 17:55 | Build | House |
| 18:02 | Research | Wheelbarrow |
| 18:06 | Build | Farm |
| 18:07 | Build | Farm |
| 18:12 | Build | Farm |
| 18:33 | Build | Watch Tower |
| 19:02 | Queue | Spearman |
| 19:14 | Build | Mill |
| 19:18 | Queue | Villager (Male) |
| 19:19 | Build | Farm |
| 19:21 | Queue | Villager (Male) |
| 19:28 | Build | Palisade Wall |
| 19:28 | Build | Palisade Wall |
| 19:29 | Build | Palisade Wall |
| 20:02 | Queue | Villager (Male) |
| 20:47 | Build | House |
| 20:48 | Queue | Villager (Male) |
| 21:03 | Build | Market |
| 21:06 | Queue | Villager (Male) |
| 21:19 | Build | Mill |
| 21:30 | Build | Farm |
| 21:31 | Build | Farm |
| 21:32 | Build | Farm |
| 21:37 | Research | Castle Age |
| 22:17 | Build | Stone Wall |
| 22:27 | Build | Stone Wall |
| 22:46 | Build | Farm |
| 22:52 | Research | Gold Mining |
| 22:57 | Build | Lumber Camp |
| 23:33 | Build | Watch Tower |
| 23:43 | Build | Watch Tower |
| 24:02 | Build | Watch Tower |
| 24:11 | Build | Watch Tower |
| 24:18 | Age | Castle Age |
| 24:23 | Research | Fletching |
| 25:07 | Build | Siege Workshop |
| 25:18 | Research | Bodkin Arrow |
| 25:25 | Build | Watch Tower |
| 25:58 | Queue | Villager (Male) |
| 25:58 | Queue | Villager (Male) |
| 26:05 | Queue | Villager (Male) |
| 26:05 | Queue | Villager (Male) |
| 26:09 | Queue | Villager (Male) |
| 26:40 | Build | Market |
| 27:23 | Queue | Iron Pagoda |
| 27:48 | Build | Mining Camp |
| 27:51 | Queue | Villager (Male) |
| 27:53 | Build | House |
| 28:22 | Queue | Iron Pagoda |
| 28:26 | Queue | Iron Pagoda |
| 28:31 | Queue | Villager (Male) |
| 28:52 | Build | University |
| 29:06 | Queue | Villager (Male) |
| 29:07 | Queue | Villager (Male) |
| 30:07 | Research | Imperial Age |
| 30:46 | Build | Watch Tower |
| 30:51 | Build | Watch Tower |
Match timeline
| 8:48 | Arthuche · first_building Barracks |
| 9:36 | Arthuche · age_up feudal |
| 9:45 | Arthuche · first_building Archery Range |
| 11:10 | BigLez99 · age_up feudal |
| 11:13 | BigLez99 · wall_segment Stone Wall x2 |
| 11:15 | BigLez99 · wall_segment Stone Wall x4 |
| 11:48 | BigLez99 · wall_segment Stone Wall x1 |
| 11:49 | BigLez99 · wall_segment Stone Wall x1 |
| 11:50 | BigLez99 · wall_segment Stone Wall x1 |
| 11:50 | BigLez99 · wall_segment Stone Wall x1 |
| 11:59 | BigLez99 · wall_segment Stone Wall x1 |
| 13:59 | BigLez99 · wall_segment Stone Wall x7 |
| 15:09 | BigLez99 · age_up castle |
| 15:19 | BigLez99 · first_building Castle |
| 17:29 | Arthuche · wall_segment Palisade Wall x2 |
| 17:30 | Arthuche · wall_segment Palisade Wall x2 |
| 17:30 | Arthuche · wall_segment Palisade Wall x1 |
| 17:31 | Arthuche · wall_segment Palisade Wall x1 |
| 17:32 | Arthuche · wall_segment Palisade Wall x1 |
| 17:32 | Arthuche · wall_segment Palisade Wall x1 |
| 18:17 | BigLez99 · first_building Monastery |
| 19:28 | Arthuche · wall_segment Palisade Wall x3 |
| 19:28 | Arthuche · wall_segment Palisade Wall x2 |
| 19:29 | Arthuche · wall_segment Palisade Wall x1 |
| 22:17 | Arthuche · wall_segment Stone Wall x8 |
| 22:27 | Arthuche · wall_segment Stone Wall x15 |
| 24:18 | Arthuche · age_up castle |
| 25:07 | Arthuche · first_building Siege Workshop |
| 30:00 | Arthuche · first_market_sell 100 food |
| 30:13 | Arthuche · first_market_buy 100 stone |
| 30:20 | BigLez99 · first_market_buy 100 wood |
| 30:28 | BigLez99 · first_market_sell 100 food |
| 30:42 | BigLez99 · age_up imperial |
| 31:44 | Arthuche · resign |
[ AI ANALYSIS · 1 CREDIT ]
What really happened in this match?
Wolo.gg analyzes every decision: build order, eco, micro, common mistakes by bracket. Personalized analysis on WhatsApp or Discord in 30 seconds.
Civ guide
Bohemians
Perfil
Jugador #2087492